 Dungeon Crawl Stone Soup version 0.29-a0-872-g797fff5ad1 (webtiles) character file.

Game seed: 15668378420623529457

893 megeza the Trooper (level 8, -2/130 HPs)
             Began as an Ogre Berserker on July 19, 2022.
             Was a Believer of Trog.
             Succumbed to a water moccasin's poison
             ... on level 5 of the Dungeon.
             The game lasted 00:06:21 (5017 turns).

megeza the Trooper (Ogre Berserker)                 Turns: 5017, Time: 00:06:22

Health: -2/130     AC:  3    Str: 24    XL:     8   Next: 6%
Magic:  8/8        EV: 10    Int:  8    God:    Trog [**....]
Gold:   204        SH:  0    Dex:  8    Spells: 7/7 levels left

rFire   . . .      SeeInvis .   i - +2 spear (flame)
rCold   . . .      Faith    .   (no shield)
rNeg    . . .      Spirit   .   b - +0 animal skin
rPois   .          Reflect  .   (helmet restricted)
rElec   .          Harm     .   (no cloak)
rCorr   .          Rampage  .   (gloves unavailable)
Will    .....                   (boots unavailable)
Stlth   ..........              (no amulet)
HPRegen 0.31/turn               (no ring)
MPRegen 0.11/turn               (no ring)

@: berserking, lethally poisoned (-2 -> -34), very quick
A: large, unfitting armour, tough skin 1
a: Renounce Religion, Berserk, Trog's Hand


You were on level 5 of the Dungeon.
You worshipped Trog.
Trog was pleased with you.
You visited 1 branch of the dungeon, and saw 5 of its levels.

You collected 204 gold pieces.

Inventory:

Hand Weapons
 a - a +0 hand axe
 i - a +2 spear of flaming (weapon)
 x - a +2 whip of venom
Armour
 b - a +0 animal skin (worn)
Jewellery
 e - a ring of positive energy
Scrolls
 c - 7 scrolls of identify {unknown}
 m - 3 scrolls of teleportation {unknown}
 o - a scroll of noise {unknown}
 q - a scroll of magic mapping {unknown}
 r - a scroll of immolation {unknown}
 v - 2 scrolls of fear {unknown}
 y - a scroll of torment {unknown}
 z - a scroll of enchant weapon {unknown}
Potions
 d - a potion of magic {unknown}
 f - 4 potions of ambrosia {unknown}
 g - a potion of attraction {unknown}
 h - 2 potions of haste {unknown}
 j - a potion of invisibility {unknown}
 k - 3 potions of heal wounds {unknown}
 l - 3 potions of curing {unknown}
 n - 3 potions of degeneration {unknown}
 p - a potion of brilliance {unknown}
 s - 2 potions of lignification {unknown}
 t - 3 potions of might {unknown}
 u - a potion of mutation {unknown}
 w - a potion of berserk rage {unknown}


   Skills:
 * Level 7.2 Fighting
 + Level 4.5(5.7) Axes
 + Level 5.3(6.1) Polearms
 + Level 4.4 Dodging
 - Level 0.1 Stealth


You had 7 spell levels left.
You didn't know any spells.
Your spell library was empty.

Dungeon Overview and Level Annotations

Branches:
Dungeon (5/15)             Temple (0/1) D:4

Altars:

Shops:
D:3 ([(   D:5 (


Innate Abilities, Weirdness & Mutations

You are too large for most types of armour.
You have tough skin. (AC +1)


Message History

Edmund hits you with a +1 dire flail of holy wrath!
* * * LOW HITPOINT WARNING * * *
You puncture Edmund! You burn Edmund.
Edmund is severely wounded.
You feel very sick. The water moccasin bites you!
* * * LOW HITPOINT WARNING * * *
You are lethally poisoned!
The water moccasin poisons you!
You puncture Edmund! You burn Edmund.
You kill Edmund!
Trog accepts your kill.
* * * LOW HITPOINT WARNING * * *
You feel very sick.
Your Fighting skill increases to level 7!
Your base Polearms skill increases to level 5!
You have reached level 8!
You closely miss the water moccasin.
* * * LOW HITPOINT WARNING * * *
You feel very sick. The water moccasin misses you.
You puncture the water moccasin! You burn the water moccasin.
The water moccasin is moderately wounded.
* * * LOW HITPOINT WARNING * * *
You feel sick. The water moccasin closely misses you.
You puncture the water moccasin! You burn the water moccasin.
The water moccasin is severely wounded.
* * * LOW HITPOINT WARNING * * *
You feel very sick. The water moccasin bites you.
* * * LOW HITPOINT WARNING * * *
You are more poisoned.
The water moccasin poisons you!
You miss the water moccasin.
The water moccasin is severely wounded.
* * * LOW HITPOINT WARNING * * *
You feel very sick.
You barely miss the water moccasin.
The water moccasin is severely wounded.
You die...

#.∩...†.#...#.....####
###....†###.#...#.....
######.........###.#...#.
...........#.#.....###.#.
#######.[..#.#...#...).##
#....#.###.#...#...
#....#.....###.#...
#$...###.#.....###.
#.@..##..#...#.....
#)#S###..###.#.....
....>.##......###...
#.#!#.####...#......#
........ ##<.#.....## ..#
#. .# ##.###..## ### ..
.. #... .## #. .# ..#####
###


You could see a water moccasin.

Vanquished Creatures
  Sigmund (D:2)
  Edmund (D:5)
  Blork the orc (D:4)
  3 killer bees
  A howler monkey (D:4)
  A hound (D:5)
  A jelly (D:5)
  An orc priest (D:2)
  Terence (D:3)
  2 iguanas (D:4)
  Natasha (thrice) (D:3)
  5 adders
  4 dart slugs
  5 orcs
  8 bats
  8 endoplasms
  2 giant cockroaches
  8 goblins
  5 hobgoblins
  10 kobolds
  9 quokkas
  4 ball pythons
  2 frilled lizards
  5 rats
91 creatures vanquished.

Vanquished Creatures (others)
  A plant (D:4)
1 creature vanquished.

Grand Total: 92 creatures vanquished

Notes
Turn   | Place    | Note
-------+----------+-------------------------------------------
     0 | D:1      | megeza the Ogre Berserker began the quest for the Orb.
     0 | D:1      | Reached XP level 1. HP: 24/24 MP: 1/1
   195 | D:1      | Reached XP level 2. HP: 30/32 MP: 2/2
   653 | D:1      | Reached XP level 3. HP: 29/40 MP: 3/3
   934 | D:1      | Reached ** piety under Trog
  1077 | D:2      | Reached XP level 4. HP: 19/49 MP: 4/4
  1728 | D:2      | Found a faded altar of an unknown god.
  1784 | D:2      | Reached skill level 5 in Fighting
  1857 | D:2      | Noticed Sigmund
  1862 | D:2      | Killed Sigmund
  1863 | D:2      | Reached XP level 5. HP: 59/59 MP: 5/5
  1863 | D:2      | Reached XP level 6. HP: 67/67 MP: 6/6
  2370 | D:3      | Found Qaaguvvi's Weapon Shoppe.
  2416 | D:3      | Found Zelyofresh's Antique Armour Shoppe.
  2425 | D:3      | Noticed Natasha
  2429 | D:3      | Killed Natasha
  2654 | D:3      | Noticed Natasha
  2667 | D:3      | Killed Natasha
  3054 | D:3      | Noticed Terence
  3071 | D:3      | Killed Terence
  3137 | D:3      | Noticed Natasha
  3143 | D:3      | Killed Natasha
  3421 | D:3      | Found Eliqip's Weapon Shoppe.
  3506 | D:3      | Reached skill level 6 in Fighting
  3506 | D:3      | Reached XP level 7. HP: 28/75 MP: 7/7
  4118 | D:4      | Found a staircase to the Ecumenical Temple.
  4614 | D:4      | Noticed Blork the orc
  4624 | D:4      | Killed Blork the orc
  4832 | D:5      | Entered Level 5 of the Dungeon
  4910 | D:5      | Found Juup's Weapon Shoppe.
  4986 | D:5      | Noticed Edmund
  5012 | D:5      | Killed Edmund
  5013 | D:5      | Reached skill level 7 in Fighting
  5013 | D:5      | Reached skill level 5 in Polearms
  5013 | D:5      | Reached XP level 8. HP: 20/87 MP: 8/8
  5015 | D:5      | HP: 6/130 [water moccasin (6)]
  5016 | D:5      | HP: 2/130 [poisoned by a water moccasin]
  5017 | D:5      | Succumbed to a water moccasin's poison

Illustrated notes

Levels and vault maps discovered:
D:1:      giann_wishing_wells, layout_basic, ebering_dispersal_statue_hall,
          st_stairs_11, minmay_bisected
D:2:      layout_rooms, shapermc_ecumenical_altar_notcrosses,
          chequers_serial_rivers_micro_d, palyth_stone_intersect, uniq_sigmund
D:3:      layout_loops_ring, serial_shops, nicolae_diamond_shop, shop,
          nicolae_shop_trees, serial_glass, glass_columns_c, glass_columns_c,
          uniq_natasha, uniq_terence
D:4:      wad_pebble_path, layout_basic, minmay_temple_entry_gardened_gates,
          serial_park_tiny_1, uniq_blork_the_orc
D:5:      layout_rooms, serial_shops, shop, shop,
          nicolae_shop_temple_entry_statues_fountains, nicolae_shop_stone,
          nicolae_shop_statue_plus, st_stairs_12, hangedman_decor_points,
          hex_tiny, uniq_edmund, uniq_duvessa, uniq_crazy_yiuf_cottage

Skill      XL: |  1  2  3  4  5  6  7 |
---------------+----------------------+-----
Dodging        | 3 4 |  4.4
Fighting       | 5 6 7 |  7.2
Axes           | 4 |  4.5
Polearms       | 2 3 5 |  5.3
Stealth        | |  0.1

Action                   |  1- 3 |  4- 6 |  7- 9 || total
-------------------------+-------+-------+-------++-------
Melee: Hand axe          |    41 |       |       ||    41
       Spear             |    51 |    99 |    88 ||   238
       Punch             |     1 |       |       ||     1
Invok: Berserk           |     1 |     5 |     4 ||    10
       Trog's Hand       |       |     3 |     1 ||     4
 Stab: Sleeping          |     1 |       |     1 ||     2
Armor: Animal skin       |    21 |     8 |    12 ||    41
Dodge: Dodged            |    52 |    30 |    36 ||   118

Table legend: (Time is in decaauts)
 A = Elapsed time spent in this place.
 B = Non-inter-level travel time spent in this place.
 C = Inter-level travel time spent in this place.
 D = Time resting spent in this place.
 E = Time spent auto-exploring this place.
 F = Levels seen in this place.
 G = Mean time per level.
                   A        B        C        D        E       F      G
               +--------+--------+--------+--------+--------+-----+--------+
         Total |   5094 |   4964 |    130 |   1637 |   2796 |   5 | 1018.8 |
       Dungeon |   5094 |   4964 |    130 |   1637 |   2796 |   5 | 1018.8 |
               +--------+--------+--------+--------+--------+-----+--------+

Top non-repeatable levels by time:
     D:3: 1689 daAuts
     D:2: 1159 daAuts
     D:1: 1036 daAuts
     D:4: 1027 daAuts
     D:5: 181 daAuts
